 Dungeon Crawl Stone Soup version 0.28.0-53-g5a82cb258f (webtiles) character file.

Game seed: 7342548147978318715

24119 DildoBatman the Protected (level 13, -20/101 HPs)
             Began as a Formicid Conjurer on July 3, 2022.
             Was a High Priest of Kikubaaqudgha.
             Demolished by Rupert
             ... wielding a +2 great mace of protection
              (23 damage)
             ... on level 12 of the Dungeon.
             The game lasted 00:58:08 (13436 turns).

DildoBatman the Protected (Formicid Conjurer)      Turns: 13436, Time: 00:58:09

Health: -20/101    AC: 13    Str: 12    XL:     13   Next: 40%
Magic:  28/43      EV: 13    Int: 19    God:    Kikubaaqudgha [*****.]
Gold:   1181       SH:  0    Dex: 13    Spells: 11/26 levels left

rFire   . . .      SeeInvis +   a - +2 dagger (venom)
rCold   . . .      Faith    .   A - +0 kite shield
rNeg    . . .      Spirit   .   o - +3 troll leather armour
rPois   .          Reflect  .   (helmet unavailable)
rElec   .          Harm     .   B - +0 cloak
rCorr   .          Rampage  .   (no gloves)
Will    +....                   T - +0 pair of boots
Stlth   +.........              m - amulet of magic regeneration
HPRegen 1.06/turn               P - ring of magical power
MPRegen 0.68/turn               g - ring of magical power

@: confused
A: permanent stasis, dig shafts and tunnels, antennae 3, four strong arms,
talons 1, iridescent scales 1, high MP 1
a: Dig, Shaft Self, Renounce Religion, Receive Corpses, Torment


You were on level 12 of the Dungeon.
You worshipped Kikubaaqudgha.
Kikubaaqudgha was extremely pleased with you.
You visited 3 branches of the dungeon, and saw 15 of its levels.

You collected 1361 gold pieces.
You spent 180 gold pieces at shops.

Inventory:

Hand Weapons
 a - a +2 dagger of venom (weapon)
 b - a +4 mace of holy wrath
 c - a +0 fustibalus
 d - a +1 long sword of holy wrath
 e - a +3 broad axe of flaming
Missiles
 k - 47 sling bullets
 r - 256 arrows
 t - 113 bolts
 v - 26 poisoned darts
 y - 20 boomerangs
 V - 3 throwing nets
 W - 278 stones
Armour
 o - a +3 troll leather armour (worn)
 A - a +0 kite shield (worn)
 B - a +0 cloak (worn)
 G - a +1 robe of the Archmagi
 S - +0 acid dragon scales
 T - a +0 pair of boots (worn)
 X - a +2 robe of willpower
Jewellery
 g - a ring of magical power (right hand)
 m - an amulet of magic regeneration (around neck)
 s - a ring of protection from fire
 P - a ring of magical power (left hand)
 Q - a ring of protection from fire
Wands
 w - a wand of flame (13) (quivered)
 x - a wand of iceblast (20)
 L - a wand of paralysis (4)
Scrolls
 f - a scroll of torment {unknown}
 j - 2 scrolls of fog
 l - 4 scrolls of vulnerability {unknown}
 u - 3 scrolls of immolation {unknown}
 z - 2 scrolls of identify
 E - a scroll of acquirement {unknown}
 H - 2 scrolls of blinking {unknown}
 N - a scroll of brand weapon {unknown}
 O - a scroll of amnesia {unknown}
 R - a scroll of enchant weapon {unknown}
Potions
 h - 4 potions of curing
 i - 2 potions of flight {unknown}
 n - a potion of ambrosia {unknown}
 C - 5 potions of lignification
 F - a potion of cancellation {unknown}
 I - a potion of might {unknown}
 K - 3 potions of heal wounds
 M - a potion of invisibility {unknown}


   Skills:
 * Level 9.2 Fighting
 * Level 9.8 Armour
 * Level 6.6 Dodging
 - Level 2.4 Stealth
 - Level 9.0 Shields
 - Level 7.0 Spellcasting
 - Level 6.0 Conjurations
 - Level 9.0 Necromancy
 - Level 6.0 Air Magic
 - Level 6.0 Poison Magic


You had 11 spell levels left.
You knew the following spells:

 Your Spells              Type           Power      Damage    Failure   Level
a - Searing Ray           Conj           58%        2d6       3%          2
c - Magic Dart            Conj           100%       1d8       1%          1
d - Vampiric Draining     Necr           40%        2d8       1%          3
e - Mephitic Cloud        Conj/Pois/Air  29%        N/A       6%          3
h - Dispel Undead         Necr           40%        3d16      6%          4
z - Sublimation of Blood  Necr           40%        N/A       1%          2

Your spell library contained the following spells:

 Spells                   Type           Power      Damage    Failure   Level
 Animate Skeleton         Necr           80%        N/A       1%          1
 Pain                     Necr           100%       1d9       1%          1
 Shock                    Conj/Air       100%       1d9       1%          1
 Corpse Rot               Necr/Air       70%        N/A       1%          2
 Poisonous Vapours        Pois/Air       58%        N/A       3%          2
 Static Discharge         Conj/Air       29%        N/A       3%          2
 Animate Dead             Necr           20%        N/A       6%          4
 Excruciating Wounds      Necr           20%        N/A       16%         5
 Dazzling Flash           Conj/Hex       36%        N/A       21%         3
 Spider Form              Tmut/Pois      18%        N/A       21%         3
 Airstrike                Air            14%        N/A       21%         4
 Call Imp                 Summ           6%         N/A       34%         2
 Ensorcelled Hibernation  Hex/Ice        12%        N/A       34%         2
 Anguish                  Hex/Necr       11%        N/A       36%         4
 Tukima's Dance           Hex            6%         N/A       56%         3
 Fulminant Prism          Conj/Hex       9%         3d7       56%         4
 Iskenderun's Mystic Bla  Conj/Tloc      18%        2d6       56%         4
 Sticky Flame             Conj/Fire      18%        2d4       56%         4
 Simulacrum               Ice/Necr       11%        N/A       99%         6
 Enfeeble                 Hex            3%         N/A       100%        7
 Swiftness                Air            Unusable   N/A       N/A         3

Dungeon Overview and Level Annotations

Branches:
Dungeon (12/15)            Temple (1/1) D:6            Lair (0/6) D:8
    Orc (2/2) D:11            Elf (0/3) Orc:2

Altars:
Ashenzari
Cheibriados
Dithmenos
Elyvilon
Fedhas
Gozag
Hepliaklqana
Kikubaaqudgha
Makhleb
Nemelex Xobeh
Okawaru
Qazlal
Ru
Sif Muna
Trog
Uskayaw
Vehumet
Wu Jian
Xom
Yredelemnul
Zin
The Shining One
Beogh

Shops:
D:1 [   D:5 ?   Orc:2 (*[=

Annotations:
D:8 Gastronok
D:12 Rupert


Innate Abilities, Weirdness & Mutations

You cannot be hasted, slowed, berserked, paralysed or teleported.
You can dig through walls and to a lower floor.
You have a pair of large antennae on your head. (SInv)
Your four strong arms can wield two-handed weapons with a shield.
You have sharp toenails.
You are partially covered in iridescent scales. (AC +2)
You have an increased reservoir of magic. (+10% MP)


Message History

Rupert is engulfed in noxious fumes.
Rupert yells loudly at you.
Your stasis prevents you from being paralysed.
Rupert roars madly and goes into a rage!
Rupert goes berserk!
Casting: Mephitic Cloud (mildly dangerous; 6% risk of failure)
Confirm with . or Enter, or press ? or * to list all spells.
Aiming: Mephitic Cloud (mildly dangerous; 6% risk of failure)
Press: ? - help, Shift-Dir - straight line, f/p - Rupert
Aim: Rupert, wielding a +2 great mace of protection and wearing a +0 chain mail (lightly wounded, berserk, extremely poisoned, chance to affect: 24%)
The ball explodes into a vile cloud!
The stinking cloud engulfs Rupert but does no damage.
Rupert is lightly wounded.
Rupert is engulfed in noxious fumes. x2
Rupert hits you with a +2 great mace of protection!!!
Rupert is engulfed in noxious fumes.
Rupert hits you with a +2 great mace of protection!!
Casting: Mephitic Cloud (mildly dangerous; 6% risk of failure)
Confirm with . or Enter, or press ? or * to list all spells.
Aiming: Mephitic Cloud (mildly dangerous; 6% risk of failure)
Press: ? - help, Shift-Dir - straight line, f/p - Rupert
Aim: Rupert, wielding a +2 great mace of protection and wearing a +0 chain mail (lightly wounded, berserk, very poisoned, chance to affect: 24%) That beam is likely to hit you.
Continue anyway?
The ball explodes into a vile cloud!
The stinking cloud engulfs Rupert but does no damage.
Rupert is lightly wounded.
The stinking cloud engulfs you but does no damage.
You are engulfed in noxious fumes.
You choke on the stench!
You are confused.
Rupert is engulfed in noxious fumes.
Rupert hits you with a +2 great mace of protection!!
You bump into the rock wall.
You are engulfed in noxious fumes.
You choke on the stench!
You are more confused.
Rupert is engulfed in noxious fumes.
Rupert hits you with a +2 great mace of protection!!
You die...
Kikubaaqudgha rasps: "You have failed me!
Welcome... death!"

#.##...#
#.###.## #(#
#.# #.# #.# #.#
#°# #.# #☼# #.#
#°# #.# #@# #.#
#@#
#.###.#######.#
#..............
#####..<.......
##########.


You could see Rupert (berserk, very poisoned).

Vanquished Creatures
  An orc warlord (Orc:1)
  Erolcha (D:10)
  Harold (Orc:1)
  2 two-headed ogres
  2 orc high priests (Orc:1)
  7 orc knights
  4 orc sorcerers
  A manticore (D:8)
  A cyclops (Orc:1)
  A freezing wraith (D:10)
  6 trolls
  Grinder (D:2)
  4 slime creatures
  Sigmund (D:5)
  A spriggan (D:10)
  A shadow (D:9)
  2 wraiths (D:11)
  A basilisk (D:8)
  A steam dragon (D:9)
  A golden eye (shapeshifter) (D:10)
  10 yaks
  A vampire mosquito (D:7)
  5 wargs
  A water moccasin (D:7)
  2 acid dragons
  An ice beast (D:4)
  A black bear (D:8)
  2 sky beasts
  25 orc warriors
  A necrophage (D:7)
  6 centaurs
  A wolf (D:8)
  7 ogres
  5 bullfrogs
  2 gnoll sergeants
  4 scorpions
  A wyvern zombie (D:9)
  A wyvern skeleton (D:6)
  15 killer bees
  5 howler monkeys
  3 electric eels (D:8)
  4 crimson imps (D:3)
  A bullfrog zombie (D:7)
  8 hounds
  8 centaur zombies
  8 orc priests
  3 jellies
  A centaur skeleton (D:6)
  Crazy Yiuf (D:2)
  2 bullfrog skeletons
  Jessica (D:3)
  3 iguanas
  Ijyb (D:3)
  5 orc wizards
  A killer bee zombie (D:8)
  A hound skeleton (D:5)
  Robin (D:3)
  A howler monkey skeleton (D:5)
  7 adders
  4 gnolls (D:9)
  2 ufetubi
  2 adder zombies
  An adder skeleton (D:3)
  A worm (D:2)
  A dart slug (D:4)
  64 orcs
  3 ball pythons
  5 bats
  9 endoplasms
  15 goblins
  11 hobgoblins
  9 jackals
  4 kobolds
  3 quokkas
  6 frilled lizards
  4 rats
340 creatures vanquished.

Vanquished Creatures (collateral kills)
  A yak (D:9)
  An orc (D:11)
2 creatures vanquished.

Vanquished Creatures (others)
  A wolf (D:8)
  An electric eel (D:8)
  14 fungi
  4 plants (D:6)
20 creatures vanquished.

Grand Total: 362 creatures vanquished

Notes
Turn   | Place    | Note
-------+----------+-------------------------------------------
     0 | D:1      | DildoBatman the Formicid Conjurer began the quest for the
                  | Orb.
     0 | D:1      | Reached XP level 1. HP: 13/13 MP: 3/3
    69 | D:1      | Found Jaefydoa's Antique Armour Shop.
   238 | D:1      | Reached XP level 2. HP: 19/19 MP: 3/5
   241 | D:1      | Learned a level 2 spell: Searing Ray
   473 | D:1      | Found a faded altar of an unknown god.
   485 | D:1      | Reached XP level 3. HP: 19/24 MP: 0/6
   889 | D:2      | Learned a level 3 spell: Mephitic Cloud
   964 | D:2      | Reached skill level 1 in Fighting
   964 | D:2      | Reached skill level 1 in Armour
   964 | D:2      | Reached XP level 4. HP: 24/32 MP: 0/7
  1069 | D:2      | Found a runed translucent door.
  1070 | D:2      | Noticed Crazy Yiuf
  1618 | D:3      | Noticed Grinder
  1958 | D:3      | Found a shimmering altar of Xom.
  2181 | D:3      | Reached XP level 5. HP: 34/37 MP: 9/9
  2342 | D:3      | Found a snail-covered altar of Cheibriados.
  2386 | D:3      | Noticed Robin
  2435 | D:4      | Noticed a sky beast
  2453 | D:4      | Killed a sky beast
  2454 | D:4      | Reached skill level 5 in Conjurations
  2454 | D:4      | Reached XP level 6. HP: 44/44 MP: 9/11
  3045 | D:5      | Entered Level 5 of the Dungeon
  3071 | D:5      | Found Nosefu Wawu's Antique Weapon Emporium.
  3140 | D:5      | Noticed an ogre
  3151 | D:5      | Reached XP level 7. HP: 45/50 MP: 13/13
  3257 | D:5      | Found Idivij's Magic Scroll Shoppe.
  3260 | D:5      | Bought a scroll of magic mapping for 42 gold pieces
  3318 | D:6      | Reached skill level 5 in Spellcasting
  3540 | D:6      | Found a staircase to the Ecumenical Temple.
  3549 | Temple   | Entered the Ecumenical Temple
  3770 | Temple   | Became a worshipper of Kikubaaqudgha
  3947 | D:4      | Reached XP level 8. HP: 37/56 MP: 17/17
  4036 | D:2      | Killed Grinder
  4072 | D:2      | Killed Crazy Yiuf
  4073 | D:2      | Reached skill level 1 in Poison Magic
  4142 | D:3      | Killed Robin
  4207 | D:3      | Noticed Jessica
  4209 | D:3      | Killed Jessica
  4210 | D:3      | Reached skill level 1 in Air Magic
  4227 | D:3      | Noticed Ijyb
  4235 | D:3      | Killed Ijyb
  4494 | D:3      | Reached * piety under Kikubaaqudgha
  4494 | D:3      | Received a gift from Kikubaaqudgha
  4896 | D:5      | Reached XP level 9. HP: 61/61 MP: 19/19
  5056 | D:5      | Noticed Sigmund
  5064 | D:5      | Killed Sigmund
  5065 | D:5      | Reached skill level 5 in Poison Magic
  5469 | D:6      | Noticed a troll
  5509 | D:6      | Reached skill level 5 in Air Magic
  5579 | D:6      | Killed a troll
  5603 | D:6      | Found a broken altar of Ashenzari.
  5794 | D:6      | Found an opulent altar of Gozag.
  6661 | D:8      | Reached XP level 10. HP: 70/70 MP: 20/20
  6719 | D:7      | Reached ** piety under Kikubaaqudgha
  7142 | D:5      | Bought a scroll of identify for 24 gold pieces
  7142 | D:5      | Bought a scroll of enchant armour for 90 gold pieces
  7243 | D:8      | Reached skill level 5 in Fighting
  7243 | D:8      | Reached skill level 5 in Armour
  7250 | D:8      | Noticed Gastronok
  7327 | D:7      | Reached skill level 1 in Necromancy
  7406 | D:8      | Noticed a two-headed ogre
  7411 | D:8      | Noticed a manticore
  7441 | D:7      | Killed a two-headed ogre
  7469 | D:8      | Learned a level 2 spell: Sublimation of Blood
  7473 | D:8      | Learned a level 3 spell: Vampiric Draining
  7498 | D:8      | Killed a manticore
  7499 | D:8      | Reached skill level 5 in Necromancy
  7737 | D:8      | Found a staircase to the Lair.
  7745 | D:8      | Identified the +7 chain mail of Imma {rElec Int+4}
  8070 | D:8      | You fall into a shaft and drop 2 floors!
  8070 | D:10     | Entered Level 10 of the Dungeon
  8080 | D:10     | Reached XP level 11. HP: 67/74 MP: 21/21
  8104 | D:10     | Found a white marble altar of Elyvilon.
  8107 | D:10     | Noticed Erolcha
  8136 | D:10     | Killed Erolcha
  8339 | D:9      | Reached skill level 1 in Shields
  8411 | D:8      | Reached skill level 5 in Shields
  9162 | D:9      | Reached *** piety under Kikubaaqudgha
  9162 | D:9      | Received a gift from Kikubaaqudgha
  9172 | D:9      | Learned a level 4 spell: Dispel Undead
  9210 | D:9      | Found a hazy altar of Hepliaklqana.
  9225 | D:9      | Found a hide-covered altar of Uskayaw.
  9245 | D:9      | Found a sacrificial altar of Ru.
  9259 | D:9      | Found an iron altar of Okawaru.
 10242 | D:10     | Gained mutation: You are partially covered in iridescent
                  | scales. (AC +2) [potion of mutation]
 10242 | D:10     | Gained mutation: You have sharp toenails. [potion of
                  | mutation]
 10242 | D:10     | Gained mutation: You have an increased reservoir of magic.
                  | (+10% MP) [potion of mutation]
 10244 | D:11     | Noticed a two-headed ogre
 10274 | D:10     | Killed a two-headed ogre
 10435 | D:11     | Reached XP level 12. HP: 85/86 MP: 24/24
 10557 | D:11     | Found a staircase to the Orcish Mines.
 10969 | Orc:1    | Entered Level 1 of the Orcish Mines
 11116 | Orc:1    | Reached **** piety under Kikubaaqudgha
 11157 | Orc:1    | Noticed Harold
 11198 | Orc:1    | Killed Harold
 11370 | Orc:1    | You fall into a shaft and drop 1 floor!
 11370 | Orc:2    | Entered Level 2 of the Orcish Mines
 11382 | Orc:2    | Found a staircase to the Elven Halls.
 11421 | Orc:2    | Noticed an orc high priest
 11433 | Orc:2    | Noticed an orc high priest
 11434 | Orc:2    | Found Peyxtau's Antique Weapon Shop.
 11437 | Orc:2    | Noticed a soul eater
 11465 | Orc:2    | Found Kyrilil's General Store.
 11655 | Orc:1    | Noticed a sixfirhy
 11655 | Orc:1    | Noticed a sun demon
 11661 | Orc:1    | Killed an orc high priest
 11699 | Orc:2    | Noticed a soul eater
 11849 | Orc:1    | Killed an orc high priest
 11850 | Orc:1    | Reached skill level 5 in Dodging
 11981 | Orc:2    | Reached XP level 13. HP: 94/98 MP: 25/25
 12026 | Orc:2    | Found Vanes's Jewellery Shoppe.
 12142 | Orc:2    | Noticed an orc warlord
 12275 | Orc:1    | Killed an orc warlord
 12467 | Orc:2    | Bought a scroll of fog for 24 gold pieces
 12635 | Orc:2    | Found Zidihodo's Antique Armour Emporium.
 12827 | Orc:2    | Reached ***** piety under Kikubaaqudgha
 13279 | D:8      | You fall into a shaft and drop 3 floors!
 13406 | D:12     | Noticed Rupert
 13435 | D:12     | HP: 2/101 [Rupert/+2 great mace of protection (34)]
 13436 | D:12     | Demolished by Rupert

Illustrated notes

Levels and vault maps discovered:
D:1:      dpeg_arrival_water_temple_mockup, layout_rooms,
          hellmonk_ecumenical_altar_run_dry, serial_shops,
          nicolae_shop_hallway_stairs
D:2:      layout_basic, uniq_crazy_yiuf_cottage
D:3:      layout_basic, lemuel_crystal_altar, led_xom_imps, minmay_starry_boxes,
          uniq_robin, uniq_jessica, uniq_grinder, uniq_ijyb
D:4:      layout_cave_pools, minmay_crossroads
D:5:      layout_basic, serial_shops, nicolae_take_the_stairs,
          nicolae_stop_n_shop_2, uniq_sigmund
D:6:      layout_cave_pools, mainiacjoe_overflow_catch_the_wave, temple_hall,
          corexii_corridor_pit, serial_bayou_crossing
D:7:      layout_rooms, minmay_strange_pillars, minivault_1,
          kennysheep_generic_room_14
D:8:      cheibrodos_fzero, layout_rooms, erik_lair_island, serial_aquarium,
          aquarium_bridge_straight [aquarium_subvault_bridge,
          aquarium_subvault_balcony, aquarium_subvault_bridge,
          aquarium_subvault_window], aquarium_window_1, aquarium_window_fake,
          aquarium_view_2b, aquarium_balcony_1b, aquarium_pool_side,
          uniq_gastronok
D:9:      layout_basic, nicolae_overflow_quartered_altars, serial_corexii_hall,
          chequers_hall_statues_y, corexii_hall_statues_x
D:10:     layout_cave_pods, elyvilon_altar_5, the_hattery, uniq_erolcha
D:11:     layout_cave_pools, hiddenorc1_lemuel
D:12:     layout_loops_ring, kennysheep_dice, uniq_rupert, uniq_nessos
Temple:   nicolae_temple_figure_eight
Orc:1:    layout_caves, basic_altar, uniq_harold
Orc:2:    grunt_orc_gardens, layout_diamond_mine, grunt_orc_garden,
          grunt_orc_garden, grunt_orc_garden, grunt_orc_garden,
          minmay_orc_barracks

Skill      XL: |  1  2  3  4  5  6  7  8  9 10 11 12 13 |
---------------+----------------------------------------+-----
Conjurations   | 4 5 6 |  6.0
Fighting       | 1 2 3 5 7 9 |  9.2
Armour         | 1 2 3 6 8 9 |  9.8
Spellcasting   | 3 4 6 7 |  7.0
Poison Magic   | 4 6 |  6.0
Air Magic      | 2 6 |  6.0
Necromancy     | 6 8 9 |  9.0
Shields        | 9 |  9.0
Dodging        | 5 6 |  6.6
Stealth        | |  2.4

Action                   |  1- 3 |  4- 6 |  7- 9 | 10-12 | 13-15 || total
-------------------------+-------+-------+-------+-------+-------++-------
Melee: Unarmed           |     3 |       |       |       |       ||     3
       Punch             |     1 |       |       |     1 |       ||     2
       Dagger            |     7 |     8 |     2 |   303 |   129 ||   449
       Mace              |       |     4 |       |     5 |       ||     9
       Long sword        |       |       |    22 |       |       ||    22
       Kick              |       |       |       |     1 |       ||     1
 Fire: Hunting sling     |       |    50 |    82 |       |       ||   132
       Fustibalus        |       |       |    97 |    99 |     5 ||   201
 Cast: Magic Dart        |    19 |    30 |    13 |    12 |     1 ||    75
       Searing Ray       |     6 |    15 |    43 |    27 |     8 ||    99
       Mephitic Cloud    |       |       |    21 |    99 |    34 ||   154
       Vampiric Draining |       |       |       |   110 |    52 ||   162
       Dispel Undead     |       |       |       |    18 |       ||    18
 Abil: Dig               |       |       |     1 |     8 |     2 ||    11
       Shaft Self        |       |       |       |     1 |     1 ||     2
Evoke: Wand              |       |       |       |     3 |     2 ||     5
  Use: Scroll            |       |     2 |     3 |     8 |       ||    13
       Potion            |       |       |       |     6 |       ||     6
 Stab: Confused          |       |       |     1 |    13 |    11 ||    25
       Sleeping          |       |       |       |       |     1 ||     1
Armor: Robe              |     5 |     4 |    18 |     3 |       ||    30
       Animal skin       |       |       |     2 |       |       ||     2
       Troll leather arm |       |       |       |   149 |    26 ||   175
Dodge: Dodged            |    16 |    29 |    75 |   266 |    52 ||   438
Block: Kite shield       |       |       |       |   199 |    71 ||   270
